 Dungeon Crawl Stone Soup version 0.23.2-40-g277498a001 (webtiles) character file.

Game seed: 9232408068547539329

11129 DildoBatman the Artisan of Death (level 12, -3/73 HPs)
             Began as a Formicid Wizard on Oct 18, 2019.
             Was a Priest of Kikubaaqudgha.
             Killed from afar by a rakshasa (illusionary) (25 damage)
             ... with an orb of energy
             ... on level 11 of the Dungeon on Oct 19, 2019.
             The game lasted 00:54:07 (12023 turns).

DildoBatman the Artisan of Death (Formicid Wizard) Turns: 12023, Time: 00:54:08

Health: -3/73      AC:  6    Str: 15    XL:     12   Next: 3%
Magic:  0/24       EV: 13    Int: 24    God:    Kikubaaqudgha [***...]
Gold:   488        SH:  0    Dex: 14    Spells: 5/27 levels left

rFire    . . .     SeeInvis +   a - +5 flail
rCold    . . .     Gourm    .   (no shield)
rNeg     . . .     Faith    .   o - +0 troll leather armour
rPois    .         Spirit   .   (helmet unavailable)
rElec    .         Reflect  .   p - +0 cloak
rCorr    .         Harm     .   (no gloves)
MR       +....                  i - +0 pair of boots
Stlth    ++........             (no amulet)
HPRegen  0.62/turn              V - ring "Usiogaat" {Ice *Contam Dex+5 Slay+4}
MPRegen  0.19/turn              W - ring of fire

@: no status effects
A: permanent stasis, dig shafts and tunnels, four strong arms, antennae 3,
clever 1, deterioration 1, frail 1, strong 1
a: Dig, Shaft Self, Receive Corpses, Renounce Religion


You were on level 11 of the Dungeon.
You worshipped Kikubaaqudgha.
Kikubaaqudgha was most pleased with you.
You were not hungry.

You visited 2 branches of the dungeon, and saw 12 of its levels.

You collected 722 gold pieces.
You spent 234 gold pieces at shops.

Inventory:

Hand Weapons
 a - a +5 flail (weapon)
 c - a +2 dagger of venom
 d - a +2 hand axe of flaming
 e - a +0 halberd
Missiles
 k - 138 sling bullets
 m - a throwing net (quivered)
 n - 16 poisoned needles
 w - 63 bolts
 y - 256 arrows
 B - 7 javelins
 M - 23 stones
Armour
 i - a +0 pair of boots (worn)
 o - a +0 troll leather armour (worn)
 p - a +0 cloak (worn)
Magical Staves
 b - an uncursed staff of power
 E - an uncursed staff of energy
Jewellery
 F - an uncursed ring of wizardry
 J - an uncursed ring of resist corrosion
 Q - an uncursed ring of protection from magic
 V - the ring "Usiogaat" (left hand) {Ice *Contam Dex+5 Slay+4}
   (You found it on level 8 of the Dungeon)

   [ring of ice]

   It enhances your ice magic.
   It affects your dexterity (+5).
   It affects your accuracy and damage with ranged weapons and melee attacks
   (+4).
   It makes you vulnerable to fire.
   It protects you from cold.
   It causes magical contamination when unequipped.
 W - a ring of fire (right hand)
 X - an uncursed ring of positive energy
 Y - an uncursed ring of wizardry
Wands
 h - a wand of flame (32)
 A - a wand of disintegration (33)
Scrolls
 l - 3 scrolls of amnesia
 t - 2 scrolls of enchant armour
 u - a scroll of enchant weapon
 x - 2 scrolls of remove curse
 z - a scroll of identify
 C - a scroll of magic mapping
 G - a scroll of brand weapon {unknown}
 I - 2 scrolls of fog
 K - a scroll of immolation {unknown}
 L - a scroll of fear {unknown}
 N - a scroll of summoning {unknown}
 O - a scroll of silence {unknown}
 P - a scroll of noise {unknown}
Potions
 f - 2 potions of resistance
 g - a potion of ambrosia
 j - a potion of cancellation {unknown}
 q - a potion of lignification {unknown}
 s - 3 potions of brilliance
 D - 6 potions of might
 H - a potion of magic {unknown}
 R - 3 potions of heal wounds
 S - a potion of flight {unknown}
 U - 3 potions of curing
Miscellaneous
 T - a lamp of fire
Comestibles
 r - 2 chunks of flesh
 v - 31 rations


   Skills:
 - Level 3.6 Fighting
 - Level 3.3 Armour
 - Level 3.4 Dodging
 - Level 2.4 Stealth
 - Level 8.0 Spellcasting
 - Level 6.1 Conjurations
 - Level 4.0 Charms
   Level 1.0 Summonings
 - Level 9.0 Necromancy
   Level 0.8 Translocations
 - Level 6.1 Fire Magic
 - Level 5.1 Air Magic
 * Level 6.1 Earth Magic


You had 5 spell levels left.
You knew the following spells:

 Your Spells              Type           Power        Failure   Level  Hunger
a - Conjure Flame         Conj/Fire      ######..     1%          3    None
b - Borgnjor's Vile Clut  Necr/Erth      #####.....   10%         5    #####..
c - Magic Dart            Conj           ####         1%          1    None
d - Regeneration          Chrm/Necr      #####.....   1%          3    None
e - Mephitic Cloud        Conj/Pois/Air  ####....     5%          3    None
f - Dispel Undead         Necr           ######..     5%          5    #####..
z - Sublimation of Blood  Necr           ######....   1%          2    None

Your spell library contained the following spells:

 Spells                   Type           Power        Failure   Level  Hunger
 Animate Skeleton         Necr           N/A          1%          1    None
 Pain                     Necr           ####         1%          1    None
 Agony                    Necr           ######..     5%          5    #####..
 Call Imp                 Summ           ##......     8%          2    None
 Bolt of Draining         Conj/Necr      #####.....   10%         5    #####..
 Slow                     Hex            #.......     12%         2    None
 Irradiate                Conj/Tmut      ###.......   54%         5    #####..
 Simulacrum               Ice/Necr       #####.....   88%         6    ######.
 Statue Form              Tmut/Erth      ###......    98%         6    ######.
 Hydra Form               Tmut           #.........   100%        6    ######.
 Dragon Form              Tmut           #.........   100%        7    #######
 Blink                    Tloc           Unusable     N/A         2    N/A

Dungeon Overview and Level Annotations

Branches:
Dungeon (11/15)            Temple (1/1) D:6            Lair (0/6) D:8
    Orc: D:9-12

Altars:
Ashenzari
Cheibriados
Dithmenos
Elyvilon
Fedhas
Gozag
Hepliaklqana
Kikubaaqudgha
Makhleb
Nemelex Xobeh
Okawaru
Qazlal
Ru
Sif Muna
Trog
Uskayaw
Vehumet
Wu Jian
Xom
Yredelemnul
Zin
The Shining One
Beogh

Shops:
D:4 [(=!!

Portals:
Trove: D:10 (give 2 scrolls of acquirement)

Annotations:
D:3 exclusion: oklob plant
D:7 2 transporters, exclusion: hydra
D:9 3 runed translucent doors, Emblim88's ghost, novice TrBe


Innate Abilities, Weirdness & Mutations

You cannot be hasted, slowed, berserked, paralysed or teleported.
You can dig through walls and to a lower floor.
Your four strong arms can wield two-handed weapons with a shield.
You have a pair of large antennae on your head. (SInv)
Your mind is acute. (Int +2)
Your body sometimes deteriorates upon taking damage.
You are frail. (-10% HP)
Your muscles are strong. (Str +2)


Message History

The rakshasa is almost dead.
The zombie hands lose their grip on the rakshasa.
The rakshasa closely misses you.
You barely miss the rakshasa.
The rakshasa is almost dead.
The rakshasa hits you with a +1 long sword of pain!!
You writhe in agony.
Casting: Borgnjor's Vile Clutch (slightly dangerous; 10% risk of failure)
Confirm with . or Enter, or press ? or * to list all spells.
Aiming: Borgnjor's Vile Clutch (slightly dangerous; 10% risk of failure)
Press: ? - help, Dir - move target cursor, f - rakshasa
Aim: a rakshasa, wielding a +1 long sword of pain and wearing a +0 robe (almost dead) Decaying hands burst forth from the earth!
Zombie hands grab the rakshasa. x2
The zombie hands constrict the rakshasa.
The zombie hands constrict the rakshasa!
The rakshasa gestures at you. The orb of energy hits you!!
You die...
Kikubaaqudgha rasps: "You have failed me!
Welcome... death!"

#......###'#######
#......#...(.....#
##......#.........#
#.......#.........#
#.......#...........
#.....{.#.........{.
####.##(##{#.........c{
#....###{#.#..........{
#....#@##()#...........
#....##RR#(#
#...{#####(#
#..........# #####
#..........# #....
#..........# #....
#..........########....
#..............{...R.(.
#########.......{...(..


You could see 2 rakshasas.

Vanquished Creatures
  A hydra (D:10)
  A two-headed ogre (D:11)
  Nergalle (D:10)
  Pikel (D:5)
  A cyclops (D:11)
  A gargoyle (D:10)
  2 trolls
  2 dream sheep (D:10)
  A hippogriff (D:6)
  A wraith (D:8)
  9 yaks
  2 wyverns (D:10)
  A hungry ghost (D:10)
  Edmund (D:5)
  A phantom (D:8)
  4 slaves (D:5)
  3 black bears
  2 orc warriors
  4 sky beasts
  7 ogres
  An ice beast (D:8)
  A necrophage (D:8)
  7 centaurs
  4 big kobolds
  A crocodile (D:8)
  5 bullfrogs
  A wyvern zombie (D:3)
  3 scorpions
  5 wights (D:8)
  4 crimson imps
  A centaur zombie (D:11)
  8 hounds
  A quasit (D:9)
  3 bullfrog zombies
  4 centaur skeletons
  2 jellies (D:7)
  Crazy Yiuf (D:4)
  9 orc priests
  9 orc wizards
  Jessica (D:2)
  An iguana (D:4)
  5 worker ants
  A hound zombie (D:5)
  A hound skeleton (D:7)
  A howler monkey zombie (D:8)
  11 gnolls
  17 adders
  A shadow imp (D:6)
  An ooze (D:3)
  3 adder skeletons
  3 worms
  2 dart slugs (D:1)
  6 leopard geckos
  14 orcs
  3 ball pythons
  5 giant cockroaches
  6 goblins
  8 hobgoblins
  11 jackals (D:3)
  A quokka (D:9)
  4 bats
  6 frilled lizards
  A giant cockroach zombie (D:5)
  3 kobolds
  A leopard gecko skeleton (D:5)
  A quokka zombie (D:8)
  9 rats
243 creatures vanquished.

Notes
Turn   | Place    | Note
-------+----------+-------------------------------------------
     0 | D:1      | DildoBatman the Formicid Wizard began the quest for the
                  | Orb.
     0 | D:1      | Reached XP level 1. HP: 13/13 MP: 4/4
    52 | D:1      | Reached skill level 1 in Conjurations
   243 | D:1      | Reached XP level 2. HP: 19/19 MP: 3/6
   857 | D:1      | Reached XP level 3. HP: 24/24 MP: 0/7
   862 | D:1      | Learned a level 3 spell: Conjure Flame
   866 | D:1      | Learned a level 3 spell: Mephitic Cloud
  1664 | D:2      | Reached XP level 4. HP: 30/30 MP: 1/8
  2207 | D:2      | Noticed an ogre
  2647 | D:3      | Noticed Jessica
  2764 | D:3      | Reached XP level 5. HP: 28/35 MP: 5/9
  3116 | D:3      | Reached XP level 6. HP: 36/41 MP: 2/10
  3222 | D:3      | Reached skill level 5 in Conjurations
  3223 | D:3      | Found a blossoming altar of Fedhas.
  3240 | D:3      | You fall through a shaft for 2 floors!
  3240 | D:5      | Entered Level 5 of the Dungeon
  3289 | D:4      | Found Num Jyth's Jewellery Boutique.
  3409 | D:4      | Found Seajov's Armour Boutique.
  3532 | D:4      | Found Dacoir's Distillery.
  3536 | D:4      | Found Bemil's Distillery.
  3553 | D:4      | Bought a potion of heal wounds for 55 gold pieces
  3553 | D:4      | Bought 2 potions of might for 88 gold pieces
  3553 | D:4      | Bought a potion of might for 44 gold pieces
  3553 | D:4      | Bought a potion of curing for 33 gold pieces
  3560 | D:4      | Bought a potion of degeneration for 14 gold pieces
  3603 | D:4      | Found a runed translucent door.
  3604 | D:4      | Noticed Crazy Yiuf
  3701 | D:4      | Found a glowing golden altar of the Shining One.
  3776 | D:4      | Found Lucof's Weapon Shoppe.
  4220 | D:3      | Noticed an oklob plant
  4382 | D:5      | Noticed an ogre
  4395 | D:5      | Killed an ogre
  4395 | D:5      | Reached XP level 7. HP: 28/46 MP: 5/11
  4440 | D:5      | Reached skill level 1 in Fire Magic
  4440 | D:5      | Reached skill level 1 in Air Magic
  4811 | D:5      | Noticed Edmund
  4876 | D:5      | Noticed Pikel
  5207 | D:5      | Reached XP level 8. HP: 49/52 MP: 8/12
  5421 | D:5      | You fall through a shaft for 2 floors!
  5502 | D:7      | Found a transporter.
  5515 | D:7      | Noticed a kobold demonologist
  5518 | D:7      | Found a transporter.
  5583 | D:7      | Found a shimmering altar of Xom.
  5758 | D:6      | Found a staircase to the Ecumenical Temple.
  5790 | Temple   | Entered the Ecumenical Temple
  5899 | Temple   | Became a worshipper of Kikubaaqudgha
  6022 | D:6      | Noticed a hippogriff
  6037 | D:6      | Killed a hippogriff
  6260 | D:5      | Killed Pikel
  6260 | D:5      | Reached skill level 5 in Air Magic
  6260 | D:5      | Reached XP level 9. HP: 31/57 MP: 2/13
  6504 | D:5      | Killed Edmund
  6867 | D:4      | Killed Crazy Yiuf
  7020 | D:2      | Reached skill level 5 in Spellcasting
  7136 | D:2      | Killed Jessica
  7802 | D:7      | Reached * piety under Kikubaaqudgha
  7802 | D:7      | Identified Kikubaaqudgha's Handbook of Stolen Souls
                  | (Kikubaaqudgha gifted it to you on level 7 of the Dungeon)
  7802 | D:7      | Received a gift from Kikubaaqudgha
  7807 | D:7      | Learned a level 2 spell: Sublimation of Blood
  7811 | D:7      | Learned a level 3 spell: Regeneration
  7972 | D:7      | Reached skill level 1 in Charms
  7972 | D:7      | Reached skill level 1 in Necromancy
  8221 | D:7      | Noticed an eight-headed hydra
  8436 | D:8      | Found a hide-covered altar of Uskayaw.
  8470 | D:8      | Reached skill level 2 in Necromancy
  8488 | D:8      | Reached XP level 10. HP: 49/63 MP: 2/19
  8526 | D:8      | Found a glowing silver altar of Zin.
  8583 | D:8      | Reached skill level 3 in Necromancy
  8589 | D:8      | Found a shimmering altar of Xom.
  8645 | D:8      | Found a burning altar of Makhleb.
  8714 | D:8      | Found a staircase to the Lair.
  8821 | D:8      | Reached skill level 4 in Necromancy
  8904 | D:8      | Reached skill level 5 in Necromancy
  8954 | D:8      | Got an ancient amber ring
  8958 | D:8      | Identified the ring "Usiogaat" {Ice *Contam Dex+5 Slay+4}
                  | (You found it on level 8 of the Dungeon)
  8979 | D:8      | Reached skill level 6 in Necromancy
  9640 | D:9      | Found an opulent altar of Gozag.
  9653 | D:9      | Reached skill level 7 in Necromancy
  9654 | D:9      | Found a shadowy altar of Dithmenos.
  9654 | D:9      | Found a blossoming altar of Fedhas.
  9713 | D:9      | Reached ** piety under Kikubaaqudgha
  9762 | D:9      | Found a hazy altar of Hepliaklqana.
  9822 | D:9      | Reached skill level 8 in Necromancy
 10209 | D:9      | Found a runed translucent gate.
 10210 | D:9      | Noticed Emblim88's ghost (novice TrBe)
 10210 | D:9      | Found a runed translucent gate.
 10210 | D:9      | Identified the +11 mace of the Vanishing Beds {protect,
                  | rC+}
 10210 | D:9      | Identified the +3 plate armour "Xudung" {rC+}
 10211 | D:9      | Found a runed translucent gate.
 10217 | D:9      | Found a roughly hewn altar of Beogh.
 10352 | D:10     | Entered Level 10 of the Dungeon
 10357 | D:10     | Found a portal to a secret trove of treasure.
 10535 | D:10     | Reached XP level 11. HP: 57/68 MP: 20/20
 10541 | D:10     | Reached skill level 9 in Necromancy
 10692 | D:10     | Noticed Nergalle
 10753 | D:10     | Noticed a spectral orc warlord
 10771 | D:10     | Noticed a spectral orc warlord
 10787 | D:10     | Noticed a spectral orc warlord
 10865 | D:10     | Killed Nergalle
 11013 | D:10     | Reached skill level 1 in Fighting
 11013 | D:10     | Reached skill level 1 in Armour
 11132 | D:10     | Gained mutation: Your muscles are strong. (Str +2) [potion
                  | of mutation]
 11132 | D:10     | Gained mutation: Your body sometimes deteriorates upon
                  | taking damage. [potion of mutation]
 11132 | D:10     | Gained mutation: You are frail. (-10% HP) [potion of
                  | mutation]
 11132 | D:10     | Gained mutation: Your mind is acute. (Int +2) [potion of
                  | mutation]
 11255 | D:10     | Noticed a three-headed hydra
 11274 | D:10     | Killed a one-headed hydra
 11351 | D:10     | Reached *** piety under Kikubaaqudgha
 11351 | D:10     | Identified Kikubaaqudgha's Guide on Stolen Souls
                  | (Kikubaaqudgha gifted it to you on level 10 of the Dungeon)
 11351 | D:10     | Received a gift from Kikubaaqudgha
 11373 | D:10     | Learned a level 5 spell: Borgnjor's Vile Clutch
 11379 | D:10     | Learned a level 5 spell: Dispel Undead
 11398 | D:10     | Found a deep blue altar of Sif Muna.
 11559 | D:10     | Reached skill level 1 in Earth Magic
 11754 | D:11     | Noticed a two-headed ogre
 11754 | D:11     | Noticed a cyclops
 11779 | D:11     | Killed a two-headed ogre
 11948 | D:11     | Killed a cyclops
 11948 | D:11     | Reached skill level 5 in Earth Magic
 11948 | D:11     | Reached XP level 12. HP: 73/73 MP: 1/24
 11984 | D:11     | Noticed a rakshasa
 12023 | D:11     | Killed from afar by a rakshasa (illusionary)

Skill      XL: |  1  2  3  4  5  6  7  8  9 10 11 12 |
---------------+-------------------------------------+-----
Conjurations   | 1 2 3 4 6 |  6.1
Fire Magic     | 3 6 |  6.1
Air Magic      | 2 5 |  5.1
Spellcasting   | 6 8 |  8.0
Charms         | 2 4 |  4.0
Necromancy     | 2 8 9 |  9.0
Fighting       | 3 |  3.6
Armour         | 3 |  3.3
Dodging        | 3 |  3.4
Earth Magic    | 5 6 |  6.1
Stealth        | |  2.4
Summonings     | |  1.0
Translocations | |  0.8

Action                   |  1- 3 |  4- 6 |  7- 9 | 10-12 || total
-------------------------+-------+-------+-------+-------++-------
Melee: Unarmed           |     1 |       |       |       ||     1
       Dagger            |     8 |    68 |   198 |    55 ||   329
       Halberd           |       |       |    24 |   110 ||   134
       Flail             |       |       |       |   125 ||   125
       Staff             |       |       |       |     5 ||     5
       Hand axe          |       |       |       |     3 ||     3
Throw: Tomahawk          |       |       |     4 |     1 ||     5
 Cast: Magic Dart        |    80 |    62 |    53 |    51 ||   246
       Mephitic Cloud    |       |     9 |    41 |    62 ||   112
       Conjure Flame     |       |     4 |    24 |    57 ||    85
       Regeneration      |       |       |       |    17 ||    17
       Sublimation of Bl |       |       |       |     5 ||     5
       Borgnjor's Vile C |       |       |       |     2 ||     2
 Abil: Dig               |       |     4 |    26 |    28 ||    58
Evoke: Wand              |       |       |       |     2 ||     2
  Use: Potion            |       |     2 |       |     2 ||     4
       Scroll            |       |     5 |     5 |     6 ||    16
 Stab: Confused          |       |     5 |    15 |    22 ||    42
       Sleeping          |       |     1 |       |     1 ||     2
       Distracted        |       |       |     1 |       ||     1
  Eat: Chunk             |     2 |     8 |    18 |    14 ||    42
       Ration            |       |       |     1 |     1 ||     2
Armor: Robe              |     1 |    10 |    10 |       ||    21
       Ring mail         |       |       |    44 |    22 ||    66
       Troll leather arm |       |       |       |    36 ||    36
Dodge: Dodged            |    14 |    46 |    84 |   103 ||   247
